 Dungeon Crawl Stone Soup version 0.27.0-1-g7a089689b8 (webtiles) character file.

Game seed: 7458032688571773617

105 Sweetruy1997 the Skirmisher (level 5, -9/42 HPs)
             Began as a Formicid Abyssal Knight on Aug 15, 2021.
             Was a Follower of Lugonu.
             Killed by divine providence
             ... invoked by an orc priest
              (13 damage)
             ... on level 3 of the Dungeon on Aug 16, 2021.
             The game lasted 00:07:38 (2012 turns).

Sweetruy1997 the Skirmisher (FoAK)                  Turns: 2012, Time: 00:07:39

Health: -9/42      AC:  5    Str: 16    XL:     5   Next: 9%
Magic:  6/6        EV: 11    Int: 13    God:    Lugonu [*.....]
Gold:   34         SH:  0    Dex: 10    Spells: 2/6 levels left

rFire    . . .     SeeInvis +   j - +1 dagger (elec)
rCold    . . .     Faith    .   (no shield)
rNeg     . . .     Spirit   .   b - +1 leather armour
rPois    .         Reflect  .   (helmet unavailable)
rElec    .         Harm     .   (no cloak)
rCorr    .         Rampage  .   c - +0 pair of gloves
Will     .....                  (no boots)
Stlth    +.........             (no amulet)
HPRegen  0.14/turn              (no ring)
MPRegen  0.10/turn              (no ring)

@: no status effects
A: permanent stasis, dig shafts and tunnels, antennae 3, four strong arms
a: Dig, Shaft Self, Renounce Religion, Depart the Abyss


You were on level 3 of the Dungeon.
You worshipped Lugonu.
Lugonu was aware of your devotion.
You visited 1 branch of the dungeon, and saw 3 of its levels.
You visited the Abyss 1 time.

You collected 146 gold pieces.
You spent 112 gold pieces at shops.

Inventory:

Hand Weapons
 j - a +1 dagger of electrocution (weapon)
Armour
 b - a +1 leather armour (worn)
 c - a +0 pair of gloves (worn)
Jewellery
 d - a ring of wizardry
Scrolls
 a - a scroll of amnesia
 l - a scroll of torment {unknown}
Potions
 f - 3 potions of curing
 g - a potion of degeneration {unknown}
 i - a potion of brilliance {unknown}
 k - 2 potions of heal wounds


   Skills:
 + Level 4.1 Fighting
 + Level 0.3 Short Blades
 - Level 2.0 Axes
 + Level 1.7 Throwing
 + Level 2.8 Armour
 - Level 1.0 Dodging
 + Level 0.4 Stealth
 + Level 1.1 Spellcasting
 + Level 1.7 Hexes
 + Level 2.3 Invocations


You had 2 spell levels left.
You knew the following spells:

 Your Spells              Type           Power      Damage    Failure   Level
a - Corona                Hex            5%         N/A       17%         1
b - Animate Skeleton      Necr           0%         N/A       32%         1
c - Apportation           Tloc           0%         N/A       32%         1
d - Summon Small Mammal   Summ           0%         N/A       32%         1

Your spell library contained the following spells:

 Spells                   Type           Power      Damage    Failure   Level


Dungeon Overview and Level Annotations

Branches:
Dungeon (3/15)

Altars:

Shops:
D:2 *


Innate Abilities, Weirdness & Mutations

You cannot be hasted, slowed, berserked, paralysed or teleported.
You can dig through walls and to a lower floor.
You have a pair of large antennae on your head. (SInv)
Your four strong arms can wield two-handed weapons with a shield.


Message History

Found 20 poisoned darts.
Found 15 stones.
You see here 15 stones.
Found a stone staircase leading down.
There is a stone staircase leading down here.
An orc priest comes into view. It is wielding a +0 mace.
The orc priest shouts!
You throw a javelin.
The javelin pierces through the orc priest but does no damage.
You hear a shout!
You throw a javelin.
The javelin barely misses the orc priest.
An orc comes into view. It is wielding a +0 flail.
The orc priest invokes the aid of Beogh against you.
Pain shoots through your body!
An orc comes into view. It is wielding a +0 hand axe.
You throw a javelin. The orc shouts!
The javelin pierces through the orc priest but does no damage.
The orc priest invokes the aid of Beogh against you.
Beogh smites you!
You hear a shout!
You are too injured to fight recklessly!
An orc comes into view. It is wielding a +0 falchion.
The orc shouts!
The orc hits you with a +0 flail.
You hit the orc. Lightning courses through the orc!!
You kill the orc!
Lugonu accepts your kill.
The orc priest calls down the wrath of Beogh upon you.
You struggle to resist.
The orc priest calls down the wrath of Beogh upon you.
Beogh smites you!
* * * LOW HITPOINT WARNING * * *
You see here a +0 flail.
You hit the orc priest.
The orc priest is moderately wounded.
The orc priest invokes the aid of Beogh against you.
Beogh smites you!
You die...

...........#
#...##
#####...###
##.... ##.##
##.## ##.#
##.##
..#####..######
###...#
..............#
#.....(
.#####.#####.#
#.#...# #.#
#.##### #@# . #
#o# ## # #o#
#.##### #o#
#...... ..#
####.## ### #.#
#.# #.# ##.##


You could see an orc priest and 2 orcs.

Vanquished Creatures
  An orc wizard (D:3)
  4 adders (D:2)
  A worm (D:3)
  A dart slug (D:1)
  3 orcs (D:3)
  3 endoplasms
  A giant cockroach (D:2)
  7 hobgoblins
  A quokka (D:3)
  3 ball pythons
  5 bats
  2 frilled lizards (D:3)
  A goblin (D:2)
  5 kobolds
  3 rats
41 creatures vanquished.

Vanquished Creatures (others)
  3 fungi (D:2)
  3 plants (D:2)
6 creatures vanquished.

Grand Total: 47 creatures vanquished

Notes
Turn   | Place    | Note
-------+----------+-------------------------------------------
     0 | Abyss:1  | Sweetruy1997 the Formicid Abyssal Knight began the quest
                  | for the Orb.
     0 | Abyss:1  | Reached XP level 1. HP: 18/18 MP: 2/2
    51 | Abyss:1  | Noticed a wight
    51 | Abyss:1  | Noticed a wight
    52 | D:1      | Escaped the Abyss
   142 | D:1      | Reached skill level 1 in Dodging
   284 | D:1      | Reached XP level 2. HP: 21/25 MP: 3/3
   334 | D:1      | Learned a level 1 spell: Corona
   398 | D:1      | Reached * piety under Lugonu
   697 | D:2      | Found Nodexi's Assorted Antiques.
   712 | D:2      | Reached skill level 4 in Fighting
   712 | D:2      | Reached XP level 3. HP: 27/30 MP: 4/4
   723 | D:2      | Learned a level 1 spell: Animate Skeleton
   826 | D:2      | Bought 2 fizzy dark potions for 43 gold pieces
   886 | D:2      | Found a faded altar of an unknown god.
   976 | D:2      | Reached skill level 1 in Throwing
  1114 | D:2      | Reached skill level 1 in Hexes
  1114 | D:2      | Reached XP level 4. HP: 34/37 MP: 5/5
  1491 | D:2      | Learned a level 1 spell: Apportation
  1493 | D:2      | Learned a level 1 spell: Summon Small Mammal
  1682 | D:3      | Reached skill level 1 in Spellcasting
  1682 | D:3      | Reached XP level 5. HP: 34/42 MP: 6/6
  1841 | D:2      | Bought a scroll of identify for 48 gold pieces
  1841 | D:2      | Bought a pink potion for 21 gold pieces
  2012 | D:3      | Killed from afar by an orc priest

Illustrated notes

Levels and vault maps discovered:
D:1:      dpeg_arrival_short_road, layout_rooms, amethyst_killhole
D:2:      layout_rooms, serial_shops,
          nicolae_shop_temple_entry_statues_fountains,
          shapermc_ecumenical_altar_mp_ritualfount, minmay_misc_feat_pillars,
          minmay_tiny_reverse_x
D:3:      layout_loops_ring

Skill      XL: |  1  2  3  4 |
---------------+-------------+-----
Dodging        | 1 |  1.0
Fighting       | 4 |  4.1
Throwing       | 1 |  1.7
Hexes          | 1 |  1.7
Spellcasting   | 1 |  1.1
Short Blades   | |  0.3
Axes           | |  2.0
Armour         | |  2.8
Stealth        | |  0.4
Invocations    | |  2.3

Action                   |  1- 3 |  4- 6 || total
-------------------------+-------+-------++-------
Melee: Hand axe          |    40 |       ||    40
       Dagger            |     9 |    23 ||    32
Throw: Javelin           |    26 |    27 ||    53
 Cast: Corona            |     9 |     7 ||    16
       Animate Skeleton  |     1 |       ||     1
Invok: Depart the Abyss  |     1 |       ||     1
  Use: Scroll            |       |     6 ||     6
Armor: Leather armour    |    19 |    10 ||    29
Dodge: Dodged            |    35 |     8 ||    43
